 Dungeon Crawl Stone Soup version 0.31-a0-1308-ga3cce3a448 (webtiles) character file.

Game seed: 5110125254696156674

723 Sonofthefire the Ruffian (level 7, 0/48 HPs)
             Began as an Octopode Shapeshifter on Dec 20, 2023.
             Slain by an orc wizard
             ... wielding a +0 dagger
              (4 damage)
             ... on level 5 of the Dungeon.
             The game lasted 00:09:29 (5180 turns).

Sonofthefire the Ruffian (Octopode Shapeshifter)    Turns: 5180, Time: 00:09:30

Health: 0/48       AC:  1    Str: 15    XL:     7   Next: 71%
Magic:  7/7        EV: 14    Int: 13    God:
Gold:   250        SH:  0    Dex: 11    Spells: 6/6 levels left

rFire   . .          .
                       - Unarmed
rCold   + . .        (no shield)
rNeg    . . .        (helmet currently unavailable)
rPois   .            (no amulet)
rElec   .            e - ring of protection from cold
rCorr   .            m - ring of willpower
SInv    .            (no ring)
Will    +....        (no ring)
Stlth   ++           (no ring)
HPRegen 0.28/turn    (no ring)
MPRegen 0.10/turn    (no ring)
                     (no ring)

%: no passive effects
@: beast-form
A: beast (slay +2), almost no armour, amphibious, 8 rings, camouflage 1,
gelatinous body 1, (nimble swimmer 1), tentacles
a: Begin Untransformation


You were on level 5 of the Dungeon.
You were a hulking beast.
You visited 1 branch of the dungeon, and saw 5 of its levels.

You collected 306 gold pieces.
You spent 56 gold pieces at shops.

Inventory:

Jewellery
 e - a ring of protection from cold (left tentacle)
 m - a ring of willpower (right tentacle)
Talismans
 b - a beast talisman
 c - a flux talisman
Wands
 p - a wand of iceblast (12)
 q - a wand of paralysis (7)
Scrolls
 d - a scroll of fog {unknown}
 f - a scroll of noise {unknown}
 g - 5 scrolls of identify
 j - a scroll of fear {unknown}
 k - 2 scrolls of teleportation {unknown}
 l - a scroll of enchant armour {unknown}
 r - a scroll of vulnerability {unknown}
Potions
 a - a potion of mutation {unknown}
 h - a potion of invisibility {unknown}
 i - a potion of degeneration {unknown}
 n - a potion of berserk rage {unknown}
 o - a potion of cancellation {unknown}


   Skills:
 + Level 4.0 Fighting
 + Level 4.5 Dodging
 + Level 5.0 Unarmed Combat
 + Level 4.8 Shapeshifting


You had 6 spell levels left.
You didn't know any spells.
Your spell library contained the following spells:

 Spells                   Type           Power      Damage    Failure   Level
 Magic Dart               Conj           0%         1d3       30%         1
 Searing Ray              Conj           0%         2d4       43%         2
 Fulminant Prism          Conj/Hex       0%         3d5       97%         4


Dungeon Overview and Level Annotations

Branches:
Dungeon (5/15)
 Temple: D:4-7

Altars:
Qazlal

Shops:
D:4 ?:


Innate Abilities, Weirdness & Mutations

You are a hulking beast.
Your limbs bulge with bestial killing power. (Slay +2)
You cannot wear most types of armour.
You are amphibious.
You can wear up to eight rings at the same time.
Your skin changes colour to match your surroundings (Stealth+).
Your rubbery body absorbs attacks. (AC +1, EV +1)
((You are camouflaged when in or above water. (Stealth+)))
You have tentacles for arms and can constrict up to eight enemies at once.


Message History

The orc hits you with a +0 hand axe of draining.
You feel drained.
You hear some strange, mumbled words.
Something tries to affect you, but you resist.
The orc wizard gestures at you while chanting.
The magic dart hits you!
You bludgeon the orc!
You kill the orc!
The orc hits you with a +0 whip.
You barely miss something. Something hits you. The orc hits you with a +0 whip.
You miss something.
You hear some strange, mumbled words.
A puff of flame appears from out of thin air!
The puff of flame misses you. The orc hits you with a +0 whip.
You tentacle-slap something. Your squeeze misses something. Something hits you.
The orc wizard casts a spell.
The orc wizard flickers and vanishes!
The orc barely misses you.
You barely miss something. Something hits you. The orc misses you.
You tentacle-slap something. You tentacle-slap something.
Your squeeze misses something.
You hear some strange, mumbled words.
A puff of flame appears from out of thin air!
The puff of flame hits you!
* * * LOW HITPOINT WARNING * * *
The orc completely misses you.
You bludgeon something!
Reactivating autopickup.
You feel a bit more experienced.
Your life force feels restored.
You tentacle-slap the orc. Your grab misses the orc. You squeeze the orc.
You kill the orc!
Items here: ))) [[[ ††.
You hear some strange, mumbled words.
A magic dart appears from out of thin air!
Deactivating autopickup; reactivate with Ctrl-A.
The magic dart hits you!
* * * LOW HITPOINT WARNING * * *
There is an open door, spattered with blood here.
You closely miss something. Your squeeze misses something. Something hits you.
You die...

...# #. #.........#
...# #.........# ...#
#....##...# ...#
#....##...# ...#
#.........# ...#
##.........# ...#....
#..........# ...#...
#..)...#...#
......###..
###h##.#####
....#.....#.....{...#
...###.).###........#
....#.....#.........#
....................#
....................#
....................#
#+..#..#..#..#......#
...###...###.


There were no monsters in sight!

Vanquished Creatures
  A centaur (D:5)
  An ogre (D:4)
  A phantom (D:4)
  2 scorpions (D:5)
  2 jellies (D:5)
  Jessica (D:3)
  3 iguanas
  An orc wizard (D:5)
  Robin (D:3)
  8 adders
  2 ufetubi (D:5)
  A dart slug (D:5)
  4 orcs
  2 bats
  7 endoplasms
  3 giant cockroaches
  12 goblins
  8 hobgoblins
  4 quokkas
  8 ball pythons
  5 frilled lizards
  6 kobolds
  5 rats
88 creatures vanquished.

Notes
Turn   | Place    | Note
-------+----------+-------------------------------------------
     0 | D:1      | Sonofthefire the Octopode Shapeshifter began the quest for
                  | the Orb.
     0 | D:1      | Reached XP level 1. HP: 13/13 MP: 1/1
   166 | D:1      | Reached XP level 2. HP: 17/18 MP: 2/2
   225 | D:1      | Found a faded altar of an unknown god.
  1138 | D:2      | Reached XP level 3. HP: 23/23 MP: 3/3
  2058 | D:3      | Reached XP level 4. HP: 22/29 MP: 4/4
  2543 | D:3      | Found a stormy altar of Qazlal.
  2746 | D:3      | Noticed Jessica
  2752 | D:3      | Killed Jessica
  2753 | D:3      | Reached XP level 5. HP: 34/34 MP: 5/5
  2853 | D:3      | Noticed Robin
  2860 | D:3      | Killed Robin
  2881 | D:3      | HP: 1/35 [goblin/+0 club[Robin] (3)]
  3258 | D:4      | Reached skill level 4 in Unarmed Combat
  3275 | D:4      | Noticed a phantom
  3729 | D:4      | Noticed an ogre
  3739 | D:4      | Killed an ogre
  3740 | D:4      | Reached XP level 6. HP: 42/42 MP: 6/6
  3920 | D:4      | Found Ypeejut's Magic Scroll Shop.
  4239 | D:4      | Bought a scroll of identify for 28 gold pieces
  4239 | D:4      | Bought a scroll of identify for 28 gold pieces
  4312 | D:4      | Found Veulol's Tremendous Tomes.
  4338 | D:5      | Entered Level 5 of the Dungeon
  4476 | D:5      | Reached XP level 7. HP: 27/46 MP: 7/7
  4946 | D:5      | Reached skill level 5 in Unarmed Combat
  5180 | D:5      | Slain by an orc wizard

Illustrated notes

Levels and vault maps discovered:
D:1:      wander_arrival_desolate, layout_basic,
          hellmonk_ecumenical_altar_zigzags, serial_forest,
          infiniplex_forest_3_way, infiniplex_forest_clump_large,
          infiniplex_forest_zigzag_1, infiniplex_forest_lined_3,
          infiniplex_forest_zigzag_1, infiniplex_forest_clump_medium,
          infiniplex_forest_clump_tiny, infiniplex_forest_clump_medium
D:2:      layout_loops_corners, hangedman_decor_growths, minmay_octomino_e4
D:3:      layout_loops_ring, mainiacjoe_overflow_small_starburst, uniq_robin,
          uniq_jessica
D:4:      layout_loops_ring, serial_shops, shop, nicolae_shop_i_like_big_books,
          kennysheep_generic_room_8
D:5:      layout_gridville, serial_glass, glass_columns_b, glass_columns_b,
          minmay_strange_pillars, feat_on_display, minmay_small_thing

Skill      XL: |  1  2  3  4  5  6  7 |
---------------+----------------------+-----
Fighting       | 2 3 4 |  4.0
Dodging        | 3 4 |  4.5
Unarmed Combat | 4 5 |  5.0
Shapeshifting  | 4 |  4.8

Action                     |  1- 3 |  4- 6 |  7- 9 || total
---------------------------+-------+-------+-------++-------
  Melee: Unarmed           |    71 |    94 |    34 ||   199
         Tentacles         |    12 |    17 |     9 ||    38
         Constrict         |    14 |    15 |     6 ||    35
         Punch             |       |     2 |     2 ||     4
    Use: Potion            |       |     1 |     2 ||     3
   Stab: Sleeping          |     9 |     4 |       ||    13
 Armour: Skin              |    18 |    38 |    31 ||    87
  Dodge: Dodged            |    36 |    43 |    37 ||   116

Table legend: (Time is in decaauts)
 A = Elapsed time spent in this place.
 B = Non-inter-level travel time spent in this place.
 C = Inter-level travel time spent in this place.
 D = Time resting spent in this place.
 E = Time spent auto-exploring this place.
 F = Levels seen in this place.
 G = Mean time per level.
                   A        B        C        D        E       F      G
               +--------+--------+--------+--------+--------+-----+--------+
         Total |   5166 |   5021 |    145 |   1372 |   2901 |   5 | 1033.2 |
       Dungeon |   5166 |   5021 |    145 |   1372 |   2901 |   5 | 1033.2 |
               +--------+--------+--------+--------+--------+-----+--------+

Top non-repeatable levels by time:
     D:3: 1408 daAuts
     D:4: 1101 daAuts
     D:1: 1008 daAuts
     D:5: 838 daAuts
     D:2: 809 daAuts
